 Dungeon Crawl Stone Soup version 0.26-a0-612-gd4d190f45e (webtiles) character file.

Game seed: 14599366020244355782

59 Gottschkopf the Conjurer (level 3, -5/26 HPs)
             Began as a Draconian Conjurer on Sept 8, 2020.
             Splashed by Ijyb's acid (14 damage)
             ... on level 2 of the Dungeon.
             The game lasted 00:03:51 (1560 turns).

Gottschkopf the Conjurer (Draconian Conjurer)       Turns: 1560, Time: 00:03:52

Health: -5/26      AC:  5    Str:  9    XL:     3   Next: 78%
Magic:  0/6        EV:  9    Int: 19    God:
Gold:   127        SH:  6    Dex:  9    Spells: 3/6 levels left

rFire    . . .     SeeInvis .   g - +1 long sword
rCold    . . .     Faith    .   k - +0 kite shield (curse)
rNeg     . . .     Spirit   .   (armour unavailable)
rPois    .         Reflect  .   (helmet restricted)
rElec    .         Harm     .   (no cloak)
rCorr    .                      (no gloves)
MR       .....                  (no boots)
Stlth    ++........             (no amulet)
HPRegen  0.08/turn              (no ring)
MPRegen  0.10/turn              (no ring)

@: no status effects
A: unfitting armour, cold-blooded, AC +5
a: no special abilities


You were on level 2 of the Dungeon.
You visited 1 branch of the dungeon, and saw 2 of its levels.

You collected 127 gold pieces.

Inventory:

Hand Weapons
 g - a +1 long sword (weapon)
Armour
 k - a cursed +0 kite shield (worn)
Scrolls
 e - a scroll of teleportation
 f - a scroll of identify
Potions
 i - a potion of curing


   Skills:
 - Level 1.7 Dodging
 - Level 1.7 Stealth
 - Level 2.0 Spellcasting
 + Level 5.5 Conjurations


You had 3 spell levels left.
You knew the following spells:

 Your Spells              Type           Power        Failure   Level
a - Magic Dart            Conj           ###.         12%         1
b - Searing Ray           Conj           ###...       19%         2

Your spell library contained the following spells:

 Spells                   Type           Power        Failure   Level
 Dazzling Flash           Conj/Hex       ##....       75%         3
 Fulminant Prism          Conj/Hex       ##........   98%         4
 Iskenderun's Mystic Bla  Conj/Tloc      ##......     98%         4


Dungeon Overview and Level Annotations

Branches:
Dungeon (2/15)

Altars:

Annotations:
D:2 Ijyb


Innate Abilities, Weirdness & Mutations

Your plain brown scales are hard. (AC +5)
You cannot fit into any form of body armour.
You are cold-blooded and may be slowed by cold attacks.


Message History

Casting: Magic Dart (safe; 12% risk of failure)
Confirm with . or Enter, or press ? or * to list all spells.
Aiming: Magic Dart (safe; 12% risk of failure)
Press: ? - help, Shift-Dir - straight line, f/p - Ijyb
Aim: Ijyb, wielding a +0 club, wearing a +0 leather armour and carrying a wand of acid (6) (heavily wounded)
The magic dart hits Ijyb.
Ijyb is heavily wounded.
You block Ijyb's attack.
You closely miss Ijyb.
Ijyb is heavily wounded.
Ijyb barely misses you.
You miss Ijyb.
Ijyb is heavily wounded.
You block Ijyb's attack.
You closely miss Ijyb.
Ijyb is heavily wounded.
Ijyb screams, "Level is mine!
All mine!"
Ijyb zaps a wand.
The bolt of acid hits you!
You are splashed with acid!
Ouch! That really hurt!
You die...

....###.#######.###.#
............##+#+#.#
...................
#................#'
#..................
#####..(...............
#......................
#.......)......##'#'#..
#.....@.#.#######.#.###
#8....g8#.)).........##
#.......######....#....
#8.....8# #.....#.##
#.......# #.....#.#
#8....)8# #.....#.#
#.......# #....##.#
#8.....8# #.....#.#
##+#..#.#


You could see Ijyb.

Vanquished Creatures
  2 adders (D:2)
  A dart slug (D:2)
  A leopard gecko (D:1)
  4 giant cockroaches
  8 goblins
  4 hobgoblins
  2 kobolds (D:2)
  A ball python (D:2)
  6 bats
  2 frilled lizards
  6 rats
37 creatures vanquished.

Notes
Turn   | Place    | Note
-------+----------+-------------------------------------------
     0 | D:1      | Gottschkopf the Draconian Conjurer began the quest for the
                  | Orb.
     0 | D:1      | Reached XP level 1. HP: 14/14 MP: 3/3
   222 | D:1      | Reached XP level 2. HP: 20/20 MP: 1/5
   357 | D:1      | You fall into a shaft and drop 1 floor!
   824 | D:2      | Reached skill level 5 in Conjurations
   824 | D:2      | Reached XP level 3. HP: 24/26 MP: 0/6
   828 | D:2      | Learned a level 2 spell: Searing Ray
  1549 | D:2      | Noticed Ijyb
  1560 | D:2      | Splashed by Ijyb's acid

Illustrated notes

Levels and vault maps discovered:
D:1:      minmay_arrival_three_doors, layout_rooms
D:2:      kennysheep_the_goblin_king, layout_basic

Skill      XL: |  1  2 |
---------------+-------+-----
Conjurations   | 5 |  5.5
Dodging        | |  1.7
Stealth        | |  1.7
Spellcasting   | |  2.0

Action                   || total
-------------------------++-------
Melee: Whip              ||    15
       Tailslap          ||     2
       Long sword        ||    14
 Cast: Magic Dart        ||    77
  Use: Scroll            ||     8
Armor: Skin              ||    28
Dodge: Dodged            ||    45
Block: Kite shield       ||     6
       Rpst.: Long sword ||     7

Table legend: (Time is in decaauts)
 A = Elapsed time spent in this place.
 B = Non-inter-level travel time spent in this place.
 C = Inter-level travel time spent in this place.
 D = Time resting spent in this place.
 E = Time spent auto-exploring this place.
 F = Levels seen in this place.
 G = Mean time per level.
                   A        B        C        D        E       F      G
               +--------+--------+--------+--------+--------+-----+--------+
         Total |   1567 |   1545 |     22 |     59 |   1230 |   2 |  783.5 |
       Dungeon |   1567 |   1545 |     22 |     59 |   1230 |   2 |  783.5 |
               +--------+--------+--------+--------+--------+-----+--------+

Top non-repeatable levels by time:
     D:2: 860 daAuts
     D:1: 707 daAuts
